 Dungeon Crawl Stone Soup version 0.27.1-34-g3ba077fa99 (webtiles) character file.

Game seed: 6372391862635273447

78 Descartes the Covered (level 4, -1/33 HPs)
             Began as a Formicid Warper on Jan 22, 2022.
             Killed by divine providence
             ... invoked by an orc priest
              (14 damage)
             ... on level 3 of the Dungeon.
             The game lasted 00:03:19 (2843 turns).

Descartes the Covered (Formicid Warper)             Turns: 2843, Time: 00:03:20

Health: -1/33      AC:  4    Str: 15 (16) XL:     4   Next: 61%
Magic:  7/7        EV: 11    Int: 13      God:
Gold:   88         SH:  0    Dex: 10      Spells: 7/7 levels left

rFire    . . .     SeeInvis +   a - +0 mace
rCold    . . .     Faith    .   (no shield)
rNeg     . . .     Spirit   .   b - +0 leather armour
rPois    .         Reflect  .   (helmet unavailable)
rElec    .         Harm     .   (no cloak)
rCorr    .         Rampage  .   (no gloves)
Will     .....                  j - +0 pair of boots
Stlth    +.........             (no amulet)
HPRegen  0.11/turn              (no ring)
MPRegen  0.10/turn              (no ring)

@: no status effects
A: permanent stasis, dig shafts and tunnels, antennae 3, four strong arms
a: Dig, Shaft Self


You were on level 3 of the Dungeon.
You visited 1 branch of the dungeon, and saw 3 of its levels.

You collected 88 gold pieces.

Inventory:

Hand Weapons
 a - a +0 mace (weapon)
Missiles
 c - 5 boomerangs of dispersal (quivered)
 f - 59 stones
 i - 7 boomerangs
Armour
 b - a +0 leather armour (worn)
 j - a +0 pair of boots (worn)
Scrolls
 d - 3 scrolls of fog {unknown}
 h - a scroll of teleportation {unknown}
 k - a scroll of immolation {unknown}
 l - a scroll of torment {unknown}
Potions
 e - a potion of curing
 g - a potion of haste {unknown}


   Skills:
 - Level 2.1 Fighting
 - Level 2.0 Maces & Flails
 - Level 1.0 Throwing
 + Level 3.8 Armour
 - Level 1.7 Dodging
 - Level 2.1 Spellcasting
 - Level 3.3 Translocations


You had 7 spell levels left.
You didn't know any spells.
Your spell library contained the following spells:

 Spells                   Type           Power      Damage    Failure   Level
 Gell's Gravitas          Tloc           5%         N/A       24%         3
 Lesser Beckoning         Tloc           5%         N/A       24%         3
 Teleport Other           Tloc           10%        N/A       24%         3
 Freeze                   Ice            4%         1d3       30%         1
 Frozen Ramparts          Ice            2%         1d2       67%         3
 Manifold Assault         Tloc           10%        N/A       91%         5
 Hailstorm                Conj/Ice       1%         3d3       97%         4
 Blink                    Tloc           Unusable   N/A       N/A         2

Dungeon Overview and Level Annotations

Branches:
Dungeon (3/15)

Altars:
Trog


Innate Abilities, Weirdness & Mutations

You cannot be hasted, slowed, berserked, paralysed or teleported.
You can dig through walls and to a lower floor.
You have a pair of large antennae on your head. (SInv)
Your four strong arms can wield two-handed weapons with a shield.


Message History

The orc wizard flickers and vanishes for a moment.
The orc hits you but does no damage.
You bump into the rock wall.
An orc priest comes into view. It is wielding a +0 morningstar.
The orc wizard points at you and mumbles some strange words.
The puff of flame hits you!
The orc wizard points at you and mumbles some strange words.
You are more confused.
You bump into the rock wall.
You bump into the rock wall.
The orc wizard casts a spell at you. The puff of flame hits you!
You bump into the rock wall.
The orc wizard gestures at you while chanting.
The magic dart hits you!
* * * LOW HITPOINT WARNING * * *
Okay, then.
It was a potion of curing.
You feel better. The orc wizard barely misses you.
You extend your mandibles.
You dig through the rock wall.
The orc wizard points at you and mumbles some strange words.
The puff of flame misses you.
You retract your mandibles.
The orc wizard points at you and mumbles some strange words.
You resist with some effort.
The orc wizard mumbles some strange words.
The orc wizard flickers and vanishes for a moment.
You extend your mandibles.
You dig through the rock wall.
You dig through the rock wall.
You dig through the rock wall.
You dig through the rock wall.
You dig through the rock wall.
You dig through the rock wall.
The orc hits you with a +0 dagger.
You retract your mandibles.
The orc priest calls upon Beogh to heal the orc wizard.
The orc wizard's wounds heal themselves!
The orc priest calls down the wrath of Beogh upon you.
Beogh smites you!
You die...

##.## ##...##
#.#####.....####
#....<.........#.
#.##.##.....## #. #.
##÷..###.#.# .......#.##
#>#.## #####
###.##.#.####.#..####...#
#. #.#@...............#
#. #.##.........).†...#
..##.##o###.##.###.#.##
#.........##.# #.#.#
#.##..o#..##.# #.#.# {
.............# #.#.# {
#.##...#o#######.#.#
.......##.# #..#.## .
.#.####.# #......


You could see an orc priest, an orc wizard (invisible) and an orc.

Vanquished Creatures
  3 adders (D:2)
  3 dart slugs
  2 ball pythons
  3 endoplasms
  2 giant cockroaches
  3 goblins
  3 hobgoblins
  5 kobolds
  3 quokkas
  5 bats
  7 frilled lizards
  5 rats
44 creatures vanquished.

Notes
Turn   | Place    | Note
-------+----------+-------------------------------------------
     0 | D:1      | Descartes the Formicid Warper began the quest for the Orb.
     0 | D:1      | Reached XP level 1. HP: 16/16 MP: 3/3
   122 | D:1      | Reached XP level 2. HP: 21/22 MP: 5/5
  1227 | D:1      | Reached XP level 3. HP: 22/27 MP: 6/6
  1632 | D:2      | Found a faded altar of an unknown god.
  1695 | D:2      | Became a worshipper of Trog the Wrathful
  1695 | D:2      | Reached * piety under Trog
  1696 | D:2      | Fell from the grace of Trog
  1832 | D:2      | Reached XP level 4. HP: 28/33 MP: 7/7
  2559 | D:1      | Noticed a polar bear
  2559 | D:1      | Noticed a polar bear
  2559 | D:1      | Noticed a polar bear
  2559 | D:1      | Noticed a black bear
  2561 | D:1      | You fall into a shaft and drop 1 floor!
  2843 | D:3      | Killed from afar by an orc priest

Illustrated notes

Levels and vault maps discovered:
D:1:      minmay_arrival_four_circles, layout_basic, serial_curves,
          eino_curves_01, eino_curves_04
D:2:      layout_rooms, chequers_ecumenical_altar_island
D:3:      layout_loops_ring, uniq_crazy_yiuf_cottage, uniq_ijyb

Skill      XL: |  1  2  3 |
---------------+----------+-----
Translocations | 3 |  3.3
Armour         | 2 3 |  3.8
Fighting       | |  2.1
Maces & Flails | |  2.0
Throwing       | |  1.0
Dodging        | |  1.7
Spellcasting   | |  2.1

Action                   |  1- 3 |  4- 6 || total
-------------------------+-------+-------++-------
Melee: Mace              |   130 |    62 ||   192
Invok: Renounce Religion |     1 |       ||     1
 Abil: Dig               |       |     2 ||     2
       Shaft Self        |       |     1 ||     1
  Use: Potion            |       |     1 ||     1
Armor: Leather armour    |    53 |    21 ||    74
Dodge: Dodged            |   103 |    51 ||   154
